 Dungeon Crawl Stone Soup version 0.27.1-34-g3ba077fa99 (webtiles) character file.

Game seed: 10823608420466625433

33 eaglef00t the Cudgeller (level 3, 0/29 HPs)
             Began as a Human Berserker on Jan 9, 2022.
             Was a Follower of Trog.
             Slain by Jessica (2 damage)
             ... on level 2 of the Dungeon.
             The game lasted 00:36:01 (1498 turns).

eaglef00t the Cudgeller (Human Berserker)           Turns: 1498, Time: 00:36:02

Health: 0/29       AC:  7    Str: 17    XL:     3   Next: 47%
Magic:  3/3        EV: 11    Int:  7    God:    Trog [*.....]
Gold:   196        SH:  0    Dex: 13    Spells: 2/2 levels left

rFire    . . .     SeeInvis .   a - +0 mace
rCold    . . .     Faith    .   (no shield)
rNeg     . . .     Spirit   .   h - +0 ring mail
rPois    .         Reflect  .   (no helmet)
rElec    .         Harm     .   (no cloak)
rCorr    .         Rampage  .   f - +1 pair of gloves
Will     .....                  (no boots)
Stlth    +.........             (no amulet)
HPRegen  0.09/turn              (no ring)
MPRegen  0.08/turn              (no ring)

@: brilliant
A: no striking features
a: Renounce Religion, Berserk


You were on level 2 of the Dungeon.
You worshipped Trog.
Trog was aware of your devotion.
You visited 1 branch of the dungeon, and saw 2 of its levels.

You collected 196 gold pieces.

Inventory:

Hand Weapons
 a - a +0 mace (weapon)
 i - a +0 short sword
 k - a +0 hunting sling
 l - a +0 short sword
 n - a +0 short sword
 o - a +0 club
 p - a +0 dagger
Missiles
 g - 39 sling bullets
 j - 23 stones (quivered)
 m - 20 bolts
Armour
 b - a +0 animal skin
 f - a +1 pair of gloves (worn)
 h - a +0 ring mail (worn)
 s - a +0 ring mail
Scrolls
 c - a scroll of enchant armour {unknown}
 e - a scroll of enchant weapon {unknown}
 r - a scroll of magic mapping {unknown}
Potions
 d - 2 potions of curing {unknown}
 t - a potion of heal wounds {unknown}


   Skills:
 + Level 3.4 Fighting
 + Level 3.7 Maces & Flails
 + Level 2.0 Armour
 + Level 2.2 Dodging


You had 2 spell levels left.
You didn't know any spells.
Your spell library contained the following spells:

 Spells                   Type           Power      Damage    Failure   Level
 Corona                   Hex            0%         N/A       63%         1
 Ensorcelled Hibernation  Hex/Ice        0%         N/A       77%         2
 Tukima's Dance           Hex            0%         N/A       94%         3


Dungeon Overview and Level Annotations

Branches:
Dungeon (2/15)

Altars:

Shops:
D:1 !!

Annotations:
D:2 Jessica


Message History

Press: ? - help, Q - select action Shift-Dir - straight line, f/p - Jessica
Aim: Jessica, wielding a +0 dagger and wearing a +0 robe (57% to hit)
You throw a stone. The stone closely misses Jessica.
Throw: 25 stones
Press: ? - help, Q - select action Shift-Dir - straight line, f/p - Jessica
Aim: Jessica, wielding a +0 dagger and wearing a +0 robe (57% to hit)
You throw a stone.
The stone hits Jessica but does no damage.
Throw: 24 stones
Press: ? - help, Q - select action Shift-Dir - straight line, f/p - Jessica
Aim: Jessica, wielding a +0 dagger and wearing a +0 robe (57% to hit)
You throw a stone. The stone closely misses Jessica.
Jessica very coldly says, "I hate your company."
Unknown command.
Unknown command.
You hit Jessica.
Jessica is heavily wounded.
Jessica mumbles some strange words.
Jessica seems to speed up.
You closely miss Jessica.
Jessica is heavily wounded.
Jessica hits you with a +0 dagger.
Jessica points at you and mumbles some strange words.
Pain shoots through your body!
* * * LOW HITPOINT WARNING * * *
You are too injured to fight recklessly!
It was a potion of brilliance.
You feel clever all of a sudden. Jessica hits you with a +0 dagger.
* * * LOW HITPOINT WARNING * * *
You closely miss Jessica.
Jessica is heavily wounded.
Jessica hits you with a +0 dagger.
* * * LOW HITPOINT WARNING * * *
Jessica hits you with a +0 dagger.
* * * LOW HITPOINT WARNING * * *
You hit Jessica but do no damage.
Jessica is heavily wounded.
Jessica hits you with a +0 dagger.
You die...

###################
#..................
#.#################
#.# ##.########
#..@.......
#..@)......
#....(.....
#...(.(....
#......(...
#.(.....(..
#.(........
#..(..((..(


You could see Jessica (fast).

Vanquished Creatures
  An adder (D:2)
  A dart slug (D:1)
  3 bats
  An endoplasm (D:1)
  A giant cockroach (D:1)
  2 hobgoblins
  4 kobolds
  A quokka (D:2)
  4 ball pythons (D:1)
  2 goblins (D:2)
  2 rats (D:2)
22 creatures vanquished.

Notes
Turn   | Place    | Note
-------+----------+-------------------------------------------
     0 | D:1      | eaglef00t the Human Berserker began the quest for the Orb.
     0 | D:1      | Reached XP level 1. HP: 18/18 MP: 1/1
    41 | D:1      | Found Jontei Wiosa's Distillery.
    88 | D:1      | Found Yczol's Distillery.
   162 | D:1      | Reached XP level 2. HP: 7/24 MP: 2/2
   994 | D:2      | Reached XP level 3. HP: 29/29 MP: 3/3
  1117 | D:2      | Found a faded altar of an unknown god.
  1483 | D:2      | Noticed Jessica
  1498 | D:2      | Slain by Jessica

Illustrated notes

Levels and vault maps discovered:
D:1:      dpeg_arrival_stone_temple_mockup, layout_loops_corners, serial_shops,
          nicolae_diamond_shop, shop_coins
D:2:      layout_basic, ebering_ecumenical_altar_webs, uniq_jessica

Action                   || total
-------------------------++-------
Melee: Mace              ||    65
Throw: Stone             ||    28
  Use: Potion            ||     1
Armor: Animal skin       ||    10
       Ring mail         ||    14
Dodge: Dodged            ||    54
